 Dungeon Crawl Stone Soup version 0.30-a0-652-gcc886f7154 (webtiles) character file.

Game seed: 11654011009736367595

32 pokeman the Magician (level 3, -1/20 HPs)
             Began as a Deep Elf Hedge Wizard on Jan 18, 2023.
             Slain by a hobgoblin (7 damage)
             ... led by Robin
             ... on level 2 of the Dungeon.
             The game lasted 00:02:48 (1357 turns).

pokeman the Magician (Deep Elf Hedge Wizard)        Turns: 1357, Time: 00:02:48

Health: -1/20      AC:  2    Str:  7    XL:     3   Next: 10%
Magic:  3/11       EV: 17    Int: 20    God:
Gold:   88         SH:  0    Dex: 14    Spells: 4/12 levels left

rFire   . . .      SeeInvis .    j - +1 dagger (speed)
rCold   . . .      Faith    .    (no shield)
rNeg    . . .      Spirit   .    b - +0 robe
rPois   .          Reflect  .    c - +0 hat
rElec   .          Harm     .    (no cloak)
rCorr   .          Rampage  .    (no gloves)
Will    .....                    (no boots)
Stlth   ++                       (no amulet)
HPRegen 0.23/turn                g - +5 ring of evasion
MPRegen 0.12/turn                (no ring)

@: no status effects
A: no striking features
a: no special abilities


You were on level 2 of the Dungeon.
You visited 1 branch of the dungeon, and saw 2 of its levels.

You collected 88 gold pieces.

Inventory:

Hand Weapons
 j - a +1 dagger of speed (weapon)
Armour
 b - a +0 robe (worn)
 c - a +0 hat (worn)
Jewellery
 g - a +5 ring of evasion (left hand)
Scrolls
 e - a scroll of blinking {unknown}
 f - 2 scrolls of immolation {unknown}
Potions
 a - 2 potions of flight {unknown}
 d - a potion of magic
 h - a potion of haste {unknown}
 i - a potion of heal wounds {unknown}


   Skills:
 + Level 0.7 Fighting
 + Level 0.8 Armour
 - Level 2.4 Dodging
 - Level 2.4 Stealth
 * Level 5.1 Spellcasting
 + Level 1.7 Conjurations
 - Level 1.1 Summonings
 - Level 1.1 Translocations


You had 4 spell levels left.
You knew the following spells:

 Your Spells              Type           Power      Damage    Failure   Level
a - Magic Dart            Conj           44%        1d5       6%          1
b - Mephitic Cloud        Conj/Pois/Air  7%         N/A       26%         3
c - Call Imp              Summ           9%         N/A       11%         2
d - Blink                 Tloc           18%        N/A       11%         2

Your spell library contained the following spells:

 Spells                   Type           Power      Damage    Failure   Level
 Slow                     Hex            20%        N/A       12%         1
 Cigotuvi's Dreadful Rot  Necr/Pois/Air  10%        N/A       17%         2
 Gell's Gravitas          Tloc           9%         N/A       22%         3
 Teleport Other           Tloc           9%         N/A       22%         3
 Dispersal                Tloc           4%         N/A       100%        6


Dungeon Overview and Level Annotations

Branches:
Dungeon (2/15)

Altars:

Annotations:
D:2 Robin


Message History

The hobgoblin attacks as you move away! The hobgoblin completely misses you.
Your crimson imp blinks!
A hobgoblin comes into view.
You barely miss the hobgoblin.
You swap places.
The hobgoblin hits your crimson imp.
Your crimson imp blinks!
Robin says, "Feeling lonely?"
The hobgoblin hits you.
You hit the hobgoblin but do no damage. The hobgoblin hits you.
Robin throws the goblin at you!
You completely miss the hobgoblin. You hit the goblin.
You kill the goblin!
The hobgoblin hits you.
Robin roars a battlecry!
The goblins go into a battle-frenzy!
You hear a shout!
The hobgoblin attacks as you move away! The hobgoblin misses you.
The goblin shoots a sling bullet.
The sling bullet completely misses you.
The goblin shoots a sling bullet.
The sling bullet barely misses your crimson imp.
The sling bullet barely misses the hobgoblin.
The sling bullet hits you. The hobgoblin attacks as you move away!
The hobgoblin hits you.
The goblin shoots a sling bullet.
The sling bullet barely misses your crimson imp.
The sling bullet barely misses the hobgoblin.
The sling bullet closely misses you. The hobgoblin attacks as you move away!
The hobgoblin barely misses you. The hobgoblin attacks as you move away!
The hobgoblin hits you.
* * * LOW HITPOINT WARNING * * *
Your crimson imp hits the hobgoblin.
Casting: Call Imp (safe; 11% risk of failure)
Confirm with . or Enter, or press ? or * to list all spells.
A metallic apparition takes form in the air.
Your crimson imp disappears in a puff of smoke!
The hobgoblin closely misses you. Robin throws the goblin at you!
The goblin misses you. The hobgoblin attacks as you move away!
The hobgoblin hits you!
You die...

#.. #.# #.# ####.#
..##.# #.##.# # #.##.#
#####.## .
##.##.#####....... #g
#..gg.g..g@...#.#
##g####.....g..g.<....#
.......).####5###.#.###
.#g####..# #.# #.# # ..
#..# #.# #.# . #..# #.#
#.# #..# #.# #.# ##.#
#.# #.# #. ... ..[


You could see Robin, 2 hobgoblins, 3 goblins and a friendly iron imp (summoned).

Vanquished Creatures
  A dart slug (D:1)
  A giant cockroach (D:1)
  4 goblins
  3 hobgoblins
  3 jackals (D:1)
  4 kobolds (D:1)
  2 quokkas (D:1)
  A ball python (D:1)
  6 bats (D:1)
  A frilled lizard (D:1)
  3 rats (D:1)
29 creatures vanquished.

Notes
Turn   | Place    | Note
-------+----------+-------------------------------------------
     0 | D:1      | pokeman the Deep Elf Hedge Wizard began the quest for the
                  | Orb.
     0 | D:1      | Reached XP level 1. HP: 10/10 MP: 7/7
   301 | D:1      | Reached XP level 2. HP: 9/16 MP: 1/9
   749 | D:1      | Reached skill level 5 in Spellcasting
  1131 | D:1      | Reached XP level 3. HP: 20/20 MP: 6/11
  1135 | D:1      | Learned a level 3 spell: Mephitic Cloud
  1138 | D:1      | Learned a level 2 spell: Call Imp
  1141 | D:1      | Learned a level 2 spell: Blink
  1335 | D:2      | Noticed Robin
  1357 | D:2      | Slain by a hobgoblin

Illustrated notes

Levels and vault maps discovered:
D:1:      dpeg_arrival_subterranean_lakeside_camping, layout_basic,
          serial_co_window_serial, co_window_corner_a, co_window_paths_b,
          co_window_paths_b, co_window_corner_a, co_window_paths_b,
          co_window_paths_a, co_window_of_opportunity_a, co_window_2corner,
          co_window_corner_b, co_window_paths_c, glass_columns_a
D:2:      layout_loops_ring, nrook_mini_vaults, uniq_jessica, uniq_robin

Skill      XL: |  1  2 |
---------------+-------+-----
Spellcasting   | 5 |  5.1
Fighting       | |  0.7
Armour         | |  0.8
Dodging        | |  2.4
Stealth        | |  2.4
Conjurations   | |  1.7
Summonings     | |  1.1
Translocations | |  1.1

Action                   || total
-------------------------++-------
Melee: Dagger            ||    30
       Punch             ||     1
 Cast: Magic Dart        ||    53
       Call Imp          ||     2
 Stab: Sleeping          ||     1
Armor: Robe              ||     5
Dodge: Dodged            ||    37

Table legend: (Time is in decaauts)
 A = Elapsed time spent in this place.
 B = Non-inter-level travel time spent in this place.
 C = Inter-level travel time spent in this place.
 D = Time resting spent in this place.
 E = Time spent auto-exploring this place.
 F = Levels seen in this place.
 G = Mean time per level.
                   A        B        C        D        E       F      G
               +--------+--------+--------+--------+--------+-----+--------+
         Total |   1355 |   1321 |     34 |     62 |   1085 |   2 |  677.5 |
       Dungeon |   1355 |   1321 |     34 |     62 |   1085 |   2 |  677.5 |
               +--------+--------+--------+--------+--------+-----+--------+

Top non-repeatable levels by time:
     D:1: 1313 daAuts
     D:2: 42 daAuts
